 Dungeon Crawl Stone Soup version 0.21.1-1-g345015fe64 (webtiles) character file.

81 Oravi the Insei (level 4, -1/32 HPs)
             Began as a Merfolk Transmuter on May 4, 2018.
             Slain by a wyvern zombie (7 damage)
             ... on level 3 of the Dungeon.
             The game lasted 00:05:19 (1861 turns).

Oravi the Insei (Merfolk Transmuter)                Turns: 1861, Time: 00:05:20

Health: -1/32      AC:  3    Str: 10    XL:     4   Next: 42%
Magic:  3/7        EV: 15    Int: 13    God:
Gold:   93         SH:  0    Dex: 14    Spells: 2/7 levels left

rFire    . . .     SeeInvis .     - Unarmed
rCold    . . .     Gourm    .   (no shield)
rNeg     . . .     Faith    .   b - +0 robe
rPois    .         Spirit   .   j - +0 helmet (curse)
rElec    .         Reflect  .   n - scarf {cloud immunity}
rCorr    .         Harm     .   (no gloves)
MR       .....                  (no boots)
Stlth    ..........             (no amulet)
HPRegen  0.10/turn              o - ring of loudness (curse)
MPRegen  0.10/turn              m - +2 ring of evasion

@: very slightly contaminated
A: change form in water, swift swim, stealthy swim
a: no special abilities


You were on level 3 of the Dungeon.
You were not hungry.

You visited 1 branch of the dungeon, and saw 3 of its levels.

You collected 93 gold pieces.

Inventory:

Missiles
 a - 36 arrows
Armour
 b - a +0 robe (worn)
 j - a cursed +0 helmet (worn)
 n - a scarf of cloud immunity (worn)
Jewellery
 i - an uncursed ring of stealth
 m - a +2 ring of evasion (right hand)
 o - a cursed ring of loudness (left hand)
Potions
 e - a potion of degeneration {unknown}
 g - 2 potions of curing {unknown}
 h - 2 potions of flight {unknown}
 k - a potion of brilliance {unknown}
 l - a potion of invisibility {unknown}
Books
 c - a book of Changes

   Spells                             Type                      Level
   a - Beastly Appendage              Transmutation                1
   b - Sticks to Snakes               Transmutation                2
   c - Spider Form                    Transmutation/Poison         3
   d - Ice Form                       Ice/Transmutation            4
   e - Blade Hands                    Transmutation                5
Comestibles
 d - 3 rations
 f - 2 chunks of flesh


   Skills:
 - Level 1.1 Fighting
 - Level 2.6 Dodging
 + Level 4.3 Unarmed Combat
 - Level 2.0 Spellcasting
 + Level 4.3 Transmutations
 + Level 1.5 Poison Magic


You had 2 spell levels left.
You knew the following spells:

 Your Spells              Type           Power        Failure   Level  Hunger
a - Spider Form           Tmut/Pois      #.........   22%         3    ####...
b - Sticks to Snakes      Tmut           ##......     6%          2    ###....


Dungeon Overview and Level Annotations

Branches:
Dungeon (3/15)

Altars:
Ru


Message History

You kill the bat!
You hit the giant cockroach.
You kill the giant cockroach!
You hit the wyvern zombie.
The wyvern zombie is moderately damaged.
The wyvern zombie closely misses you.
You barely miss the wyvern zombie.
The wyvern zombie is moderately damaged.
The wyvern zombie completely misses you.
You hit the wyvern zombie but do no damage.
The wyvern zombie is moderately damaged.
The wyvern zombie bites you.
You hit the wyvern zombie but do no damage.
The wyvern zombie is moderately damaged.
The wyvern zombie bites you!
* * * LOW HITPOINT WARNING * * *
You punch the wyvern zombie!
The wyvern zombie is heavily damaged.
The wyvern zombie bites you!
You die...

#........# ##........#
+#.........# ######
...........# #....#
.......#...#####....####
..#.....................
...>....Z...............
######.#.#######....###
#.#.sZ@..##....#
#.#.####.##....#
#.####.........# #.
#.......#### ##
#.......# #<......+
##......# ........###
#########


You could see a wyvern zombie and a giant cockroach.

Vanquished Creatures
  Robin (D:2)
  A worm (D:2)
  6 dart slugs
  2 leopard geckos (D:1)
  3 ball pythons
  3 bats
  3 giant cockroaches
  12 goblins
  10 hobgoblins
  3 kobolds (D:2)
  3 rats
47 creatures vanquished.

Notes
Turn   | Place    | Note
-------+----------+-------------------------------------------
     0 | D:1      | Oravi the Merfolk Transmuter began the quest for the Orb.
     0 | D:1      | Reached XP level 1. HP: 15/15 MP: 3/3
   135 | D:1      | Reached XP level 2. HP: 17/21 MP: 3/5
   312 | D:1      | Reached XP level 3. HP: 9/26 MP: 6/6
   316 | D:1      | Learned a level 2 spell: Sticks to Snakes
   320 | D:1      | Learned a level 3 spell: Spider Form
  1054 | D:2      | Noticed Robin
  1407 | D:2      | Killed Robin
  1407 | D:2      | Reached skill level 1 in Poison Magic
  1408 | D:2      | Reached XP level 4. HP: 29/32 MP: 3/7
  1486 | D:2      | Found a sacrificial altar of Ru.
  1861 | D:3      | Slain by a wyvern zombie

Skill      XL: |  1  2  3 |
---------------+----------+-----
Transmutations | 3 4 |  4.3
Unarmed Combat | 4 |  4.3
Poison Magic   | 1 |  1.5
Fighting       | |  1.1
Dodging        | |  2.6
Spellcasting   | |  2.0

Action                   |  1- 3 |  4- 6 || total
-------------------------+-------+-------++-------
Melee: Unarmed           |    62 |    43 ||   105
       Headbutt          |     9 |       ||     9
       Punch             |     2 |       ||     2
 Cast: Beastly Appendage |     7 |       ||     7
       Spider Form       |     6 |     4 ||    10
  Use: Scroll            |       |     4 ||     4
 Stab: Sleeping          |     2 |       ||     2
  Eat: Chunk             |     3 |     2 ||     5
Armor: Robe              |     5 |     4 ||     9
       Skin              |     4 |     2 ||     6
Dodge: Dodged            |    55 |    55 ||   110
